AoeStats
← BottleDry

Nomad

505115311Analyzed
4v4 RM · 26d ago on Sep 7, 2026· 54m 46s· 8 players
Game mode
Random Map
Map size
231×231
Population
200
Speed
Normal
Resources
Standard
Victory
Conquest
Starting age
Dark Age
Ending age
Imperial Age
RankedLock teamsTeams togetherTeam positionsShared explorationLock speedFull tech treeHidden civsTurbo modeCheats
Victory
Defeat
🇫🇷 Chinese · France
881
+13
🇺🇸 Spanish · United States
834
+15
🇺🇸 Khmer · United States
828
+15
🇵🇪 Celts · Peru
823
+16
🇧🇷 Vikings · Brazil
891
-18
🇧🇷 Franks · Brazil
847
-16
🇧🇷 Mongols · Brazil
807
-14
🇧🇷 Chinese · Brazil
722
-11
Point and Click
3:48 Loom
15:17 Feudal Age
16:03 Town Watch
21:25 Castle Age
35:37 Fletching
38:18 Stone Mining
41:37 Bodkin Arrow
55:13 Imperial Age
BottleDry
4:33 Loom
14:30 Feudal Age
14:56 Double-Bit Axe
19:31 Castle Age
17:41 Horse Collar
19:39 Gold Mining
20:24 Stone Mining
23:43 Wheelbarrow
24:31 Husbandry
24:58 Scale Barding Armor
25:04 Forging
25:59 Bloodlines
26:08 Forging
27:48 Iron Casting
28:44 Chain Barding Armor
33:39 Hand Cart
33:54 Fletching
34:04 Padded Archer Armor
35:50 Leather Archer Armor
35:31 Bodkin Arrow
37:00 Town Watch
40:03 Heavy Plow
40:16 Bow Saw
45:46 Imperial Age
42:46 Pikeman
43:26 Squires
43:11 Arson
43:28 Scale Mail Armor
43:27 Gambesons
44:39 Chain Mail Armor
46:01 Onager
47:17 Conscription
48:23 Halberdier
49:54 Cavalier
50:54 Town Patrol
51:50 Bracer
52:21 Ring Archer Armor
53:46 Plate Barding Armor
54:11 Blast Furnace
54:56 Plate Mail Armor
littlesuperstar
4:00 Loom
17:57 Feudal Age
20:56 Castle Age
22:57 Double-Bit Axe
22:59 Horse Collar
23:52 Stone Mining
23:52 Gold Mining
25:12 Fishing Lines
25:44 Medium Warships
27:28 Gold Shaft Mining
29:47 Heavy Plow
31:04 Fortified Wall
31:39 Gillnets
32:35 Bow Saw
35:24 Wheelbarrow
36:43 Hand Cart
38:06 Stone Shaft Mining
42:49 Imperial Age
41:11 Tusk Swords
41:09 Murder Holes
41:25 Masonry
43:28 Scale Barding Armor
43:23 Scale Mail Armor
43:34 Forging
43:14 Fletching
43:25 Padded Archer Armor
42:59 Heavy Scorpion
42:59 Capped Ram
44:40 Town Watch
46:17 Chemistry
45:21 Double Crossbow
45:26 Husbandry
45:36 Bloodlines
47:30 Crop Rotation
46:24 Elite Cannon Galleon
46:24 Demolition Ship
46:56 Elite Battle Elephant
48:51 Chain Barding Armor
49:09 Iron Casting
54:09 Sappers
55:00 Conscription
55:15 Hoardings
54:04 Light Cavalry
54:04 Cavalier
fatiga
8:37 Loom
17:46 Feudal Age
23:20 Castle Age
26:17 Fletching
26:54 Bodkin Arrow
32:24 Town Watch
36:58 Horse Collar
42:12 Heavy Plow
42:01 Double-Bit Axe
49:32 Imperial Age
48:03 Bow Saw
48:36 Wheelbarrow
48:25 Forging
49:43 Iron Casting
50:05 Scale Mail Armor
50:44 Town Patrol
51:14 Elite Woad Raider
52:53 Hand Cart
54:44 Blast Furnace
54:09 Chain Mail Armor
jão2k
16:21 Feudal Age
17:43 Fishing Lines
33:13 Castle Age
34:34 Double-Bit Axe
36:15 Bow Saw
54:37 Medium Warships
LPIPOWS
14:36 Feudal Age
15:23 Double-Bit Axe
22:46 Forging
25:58 Castle Age
23:50 Horse Collar
26:06 Pikeman
26:47 Scale Mail Armor
27:01 Squires
27:25 Bow Saw
27:20 Heavy Plow
28:26 Iron Casting
31:49 Wheelbarrow
37:52 Imperial Age
37:30 Scale Barding Armor
38:37 Fletching
38:49 Padded Archer Armor
40:19 Chemistry
41:13 Blast Furnace
41:39 Gold Mining
42:57 Chain Barding Armor
44:36 Hand Cart
47:34 Gold Shaft Mining
51:32 Ballistics
52:05 Conscription
53:38 Leather Archer Armor
henriquea1919
16:34 Feudal Age
16:10 Loom
23:10 Castle Age
21:34 Scale Barding Armor
21:40 Forging
21:20 Double-Bit Axe
24:00 Husbandry
25:21 Fishing Lines
28:02 Gillnets
35:42 Imperial Age
36:25 Cavalier
40:34 Paladin
42:07 Bow Saw
53:05 Chain Barding Armor
BOM DE MIRA
4:45 Loom
16:22 Feudal Age
16:51 Double-Bit Axe
16:52 Fishing Lines
19:07 Man-at-Arms
23:05 Arson
24:04 Horse Collar
28:25 Castle Age
33:33 Bow Saw
35:12 Medium Warships
45:07 Gillnets
Connection lost

Rejoining the realm…

Still unreachable

The connection could not be restored.

Session expired

The server has moved on; the page needs a fresh start.